 Dungeon Crawl Stone Soup version bcrawl-1.27.8b (webtiles) character file.

Game seed: 13305673667364039994

138131 LostNumber the Sneak (level 4, 27/27 HPs)
             Began as a Vine Stalker Archaeologist on Nov 5, 2020.
             Was an Initiate of Okawaru.
             Quit the game on level 2 of the Dungeon.
             The game lasted 00:02:21 (1683 turns).

LostNumber the Sneak (Vine Stalker Archaeologist)   Turns: 1683, Time: 00:02:21

Health: 27/27      AC:  6    Str: 14    XL:     4   Next: 48%
Magic:  5/5        EV: 13    Int: 15    God:    Okawaru [......]
Gold:   192        SH:  0    Dex: 12    Spells: 3/3 levels left

rFire    . . .     SeeInvis .   h - -2 short sword (curse)
rCold    . . .     Gourm    .   (no shield)
rNeg     . . .     Faith    .   b - +1 robe
rPois    .         Spirit   .   c - +1 hat
rElec    .         Reflect  .   (no cloak)
rCorr    .         Harm     .   (no gloves)
MR       .....                  d - +1 pair of boots
Stlth    +++.......             (no amulet)
HPRegen  0.49/turn              (no ring)
MPRegen  0.09/turn              (no ring)

@: no status effects
A: fangs 2, regeneration 1, no potion heal 3, rot immunity, strong jaws
a: Renounce Religion


You were on level 2 of the Dungeon.
You worshipped Okawaru.
Okawaru was noncommittal.
You were not hungry.

You visited 1 branch of the dungeon, and saw 3 of its levels.

You collected 192 gold pieces.

Inventory:

Hand Weapons
 a - a +0 whip
 h - a cursed -2 short sword (weapon)
   (You found it on level 2 of the Dungeon)
 i - a +0 short sword
   (You took it off a kobold on level 1 of the Dungeon)
Armour
 b - a +1 robe (worn)
 c - a +1 hat (worn)
 d - a +1 pair of boots (worn)
Scrolls
 g - a scroll of magic mapping
 l - 2 scrolls of teleportation {unknown}
 n - 5 scrolls of identify {@r1}
 p - a scroll of noise {unknown}
 q - a scroll of fear {unknown}
 r - a scroll of remove curse {unknown}
 s - a scroll of immolation {unknown}
Potions
 j - a potion of curing {unknown}
 k - a potion of haste {unknown}
 m - 2 potions of resistance {unknown}
 o - a potion of heal wounds {unknown}
 t - a potion of invisibility {unknown}
 u - a potion of flight {unknown}
Miscellaneous
 f - a dusty tome
Comestibles
 e - 2 rations {!d!d}


   Skills:
 + Level 2.4 Fighting
 * Level 1.7 Short Blades
 - Level 0.8 Maces & Flails
 + Level 3.7 Dodging
 - Level 4.4 Stealth


You had 3 spell levels left.
You didn't know any spells.
Your spell library was empty.

Dungeon Overview and Level Annotations

Branches:
Dungeon (3/12)

Altars:
Okawaru


Innate Abilities, Weirdness & Mutations

You have extremely sharp teeth.
Your natural rate of healing is unusually fast.
Potions cannot restore your health.
You are immune to rotting.
Your bites deal extra damage.


Message History

You hit Terence but do no damage. Terence misses you.
You hit Terence but do no damage. Terence hits you with a +0 hand axe.
You hit Terence. Terence misses you.
You hit Terence. Terence closely misses you.
You barely miss Terence. Terence barely misses you.
You hit Terence but do no damage. Terence hits you with a +0 hand axe.
You hit Terence. Terence closely misses you.
You barely miss Terence. You bite Terence, but do no damage.
Terence hits you with a +0 hand axe.
* * * LOW HITPOINT WARNING * * *
You barely miss Terence. You hit Terence but do no damage.
Terence asks, "Do you want it fast or slow?"
Terence hits you but does no damage.
You barely miss Terence. You bite Terence.
You kill Terence!
Okawaru accepts your kill.
Things that are here:
a +0 hand axe; a +0 chain mail
Things that are here:
a +0 hand axe; a +0 chain mail You are near starving!
You are starving!
You eat one of the 3 rations {!d!d}.
That ration really hit the spot!
You see here a stone.
Found 18 gold pieces.
You now have 192 gold pieces (gained 18).
Done exploring.
Done exploring.
Done exploring.
You see here a stone.
There is a stone staircase leading down here.
You climb downwards.
A frilled lizard, an adder, a kobold, an orc wizard and an ogre come into view.
You have encountered a dangerous foe!
The adder hisses angrily.
Found 11 gold pieces.
There is a stone staircase leading up here.
The frilled lizard hisses angrily.
The ogre shouts!
You climb upwards.
There is a stone staircase leading down here.
You see here a glowing short sword.
There is a stone staircase leading down here.
You see here a glowing short sword.
h - a glowing short sword Wield which item (- for none, * to show all)? (? for menu, Esc to quit)
It sticks to your hand!
h - a cursed -2 short sword (weapon)
Quiver which item? (- for none, * to show all) (? for menu, Esc to quit)
Okay, then.

.##
#......#...#.#.#......#.##.
##
####.####......#####.##.... #
####.####.##.#######....... #
#.........##.# #.......... #
#.........##.# #....######
#######..........#.# #....#
......+........#.#.# #....#
..#####........#.#.# #(...#
..# #..........#@#.# #....#
..###.#........#...# ######
#..##.#........##..##########
......#........##.>##.......#
...##.#........###.##.......#
..###.#........# #.##.......#
#.# #.#........# #.##.......#
#.###.#........###.##.......#
#.....#######...............#


There were no monsters in sight!

Vanquished Creatures
  Terence (D:2)
  3 dart slugs (D:2)
  6 leopard geckos
  2 bats (D:1)
  2 giant cockroaches
  7 goblins
  5 hobgoblins
  2 jackals (D:1)
  A quokka (D:2)
  A ball python (D:1)
  2 frilled lizards (D:2)
  10 kobolds
  A rat (D:2)
43 creatures vanquished.

Notes
Turn   | Place    | Note
-------+----------+-------------------------------------------
     0 | D:1      | LostNumber the Vine Stalker Archaeologist began the quest
                  | for the Orb.
     0 | D:1      | Reached XP level 1. HP: 11/11 MP: 2/2
     2 | D:1      | Noticed a vine stalker
     4 | D:1      | Noticed a minotaur
     4 | D:1      | Noticed a formicid
     6 | D:1      | Noticed a demigod
     6 | D:1      | Noticed an octopode
     8 | D:1      | Noticed an ogre
     8 | D:1      | Noticed a spriggan
    10 | D:1      | Noticed a draconian
    10 | D:1      | Noticed a human
    12 | D:1      | Noticed a vampire
    12 | D:1      | Noticed a demonspawn
    14 | D:1      | Noticed a merfolk
    14 | D:1      | Noticed a dwarf
    16 | D:1      | Noticed a felid
    18 | D:1      | Noticed a ghoul
    18 | D:1      | Noticed a troll
    20 | D:1      | Noticed a halfling
    20 | D:1      | Noticed a tengu
    22 | D:1      | Noticed a centaur
    24 | D:1      | Noticed an elf
    26 | D:1      | Noticed a gargoyle
    26 | D:1      | Noticed a naga
    47 | D:1      | Reached skill level 1 in Fighting
   150 | D:1      | Reached XP level 2. HP: 16/16 MP: 3/3
   389 | D:1      | Reached XP level 3. HP: 21/21 MP: 4/4
   698 | D:2      | Reached skill level 1 in Short Blades
   759 | D:2      | Found an iron altar of Okawaru.
   766 | D:2      | Became a worshipper of Warmaster Okawaru
  1195 | D:2      | Reached XP level 4. HP: 26/26 MP: 5/5
  1273 | D:2      | Noticed Terence
  1321 | D:2      | Killed Terence
  1634 | D:3      | Noticed an ogre
  1683 | D:2      | Quit the game

Skill      XL: |  1  2  3 |
---------------+----------+-----
Fighting       | 1 2 |  2.4
Short Blades   | 1 |  1.7
Maces & Flails | |  0.8
Dodging        | |  3.7
Stealth        | |  4.4

Action                   |  1- 3 |  4- 6 || total
-------------------------+-------+-------++-------
Melee: Whip              |    17 |       ||    17
       Short sword       |   114 |    48 ||   162
       Bite              |    14 |     7 ||    21
 Stab: Sleeping          |     5 |     1 ||     6
  Eat: Chunk             |     4 |       ||     4
       Ration            |       |     1 ||     1
Armor: Robe              |    32 |     8 ||    40
Dodge: Dodged            |   104 |    25 ||   129
